 Dungeon Crawl Stone Soup version 0.24-a0-397-g73b976d855 (webtiles) character file.

Game seed: 11838156522939917968

2034 Lanoc the Basher (level 9, -11/71 HPs)
             Began as a Green Draconian Chaos Knight on June 4, 2019.
             Was a Plaything of Xom.
             Killed by divine providence
             ... invoked by an orc priest
              (14 damage)
             ... on level 6 of the Dungeon.
             The game lasted 00:17:53 (5376 turns).

Lanoc the Basher (Green Draconian Chaos Knight)     Turns: 5376, Time: 00:17:54

Health: -11/71     AC:  8    Str: 16    XL:     9   Next: 3%
Magic:  18/18      EV: 30    Int: 13    God:    Xom [......]
Gold:   384        SH:  0    Dex: 14    Spells: 8/8 levels left

rFire    . . .     SeeInvis .   a - +0 mace (chaos)
rCold    . . .     Gourm    .   (no shield)
rNeg     + . .     Faith    .   (armour unavailable)
rPois    +         Spirit   .   (helmet restricted)
rElec    .         Reflect  .   l - +0 cloak
rCorr    .         Harm     .   (no gloves)
MR       .....                  (no boots)
Stlth    +.........             g - amulet of the acrobat
HPRegen  0.21/turn              t - ring of magical power
MPRegen  0.16/turn              k - ring of positive energy

@: acrobat, hasted, very quick
A: breathe noxious fumes, unfitting armour, frail 1, poison resistance, strong
1, cold-blooded, AC +7
a: Breathe Noxious Fumes, Renounce Religion


You were on level 6 of the Dungeon.
You worshipped Xom.
You were a very special plaything of Xom.
You were not hungry.

You visited 2 branches of the dungeon, and saw 7 of its levels.
You also visited: Sewer.

You collected 384 gold pieces.

Inventory:

Hand Weapons
 a - a +0 mace of chaos (weapon)
Armour
 l - a +0 cloak (worn)
Jewellery
 d - an uncursed ring of stealth
 g - an amulet of the acrobat (around neck)
 k - a ring of positive energy (right hand)
 t - a ring of magical power (left hand)
Wands
 j - a wand of polymorph (11)
 m - a wand of enslavement (6)
Scrolls
 c - 4 scrolls of amnesia
 e - a scroll of enchant armour
 i - 4 scrolls of identify
 n - a scroll of blinking
 p - 4 scrolls of remove curse
Potions
 r - a potion of cancellation {unknown}
 s - a potion of brilliance {unknown}
Comestibles
 b - 11 rations


   Skills:
 + Level 7.2 Fighting
 * Level 9.0 Maces & Flails
 + Level 5.7 Dodging


You had 8 spell levels left.
You didn't know any spells.
Your spell library was empty.

Dungeon Overview and Level Annotations

Branches:
Dungeon (6/15)             Temple (1/1) D:6

Altars:
Dithmenos
Elyvilon
Fedhas
Hepliaklqana
Kikubaaqudgha
Makhleb
Nemelex Xobeh
Okawaru
Qazlal
Ru
Sif Muna
Trog
Vehumet
Wu Jian
Xom
Yredelemnul
The Shining One

Annotations:
D:6 3 runed translucent doors, emperorscorpion's ghost, novice DsBe


Innate Abilities, Weirdness & Mutations

You can breathe blasts of noxious fumes.
Your lurid green scales are hard. (AC +7)
You cannot fit into any form of body armour.
Your system is resistant to poisons. (rPois)
You are cold-blooded and may be slowed by cold attacks.
You are frail. (-10% HP)
Your muscles are strong. (Str +2)


Message History

Something barely misses you.
You miss something. Something hits you.
You bump into the rock wall.
Something hits you!!
You bump into the rock wall.
The orc priest looks satisfied for a moment.
Something hits you!
* * * LOW HITPOINT WARNING * * *
You bump into the stone wall.
The orc priest mumbles some strange prayers to Beogh against you.
Beogh smites you!
* * * LOW HITPOINT WARNING * * *
You hear some strange, mumbled words.
You feel better.
You feel less invigorated. Something hits you!
* * * LOW HITPOINT WARNING * * *
You feel yourself speed up. Something hits you.
* * * LOW HITPOINT WARNING * * *
The orc priest mumbles some strange prayers to Beogh against you.
Beogh smites you!
You die...
Xom laughs nastily! #........ ..#.... ...####..### ..... .###..## #... #... ## ..... ....#.o# # .ZYW.

#..##o# ##5.#
#Z5#[# .#).#
#WY#{# .#..#
#5Y#.# .#Y..###
##.5##@#
.##Y...####...#..#
..#.Y...Z....##.##
..##.........#..#
#..##.Y55...##.##
....###+++###..#
..............##
#.............#
#..############


You could see an orc priest, a white imp and an orc.

Vanquished Creatures
  A harpy (shapeshifter) (Sewer)
  A sky beast (D:5)
  2 ogres
  2 phantoms (D:5)
  Blork the orc (D:4)
  2 bullfrogs (Sewer)
  2 scorpions (D:5)
  2 crimson imps (D:5)
  2 hounds
  5 orc priests
  A gnoll shaman (D:5)
  2 orc wizards
  A centaur skeleton (D:4)
  An iguana (D:6)
  2 worker ants (D:5)
  13 gnolls
  14 adders
  13 oozes
  5 worms
  2 dart slugs
  23 leopard geckos
  18 orcs
  19 giant cockroaches
  7 hobgoblins
  5 jackals
  8 kobolds
  2 quokkas
  6 ball pythons
  A ball python skeleton (D:4)
  2 bats
  19 frilled lizards
  6 goblins
  5 rats
195 creatures vanquished.

Notes
Turn   | Place    | Note
-------+----------+-------------------------------------------
     0 | D:1      | Lanoc the Draconian Chaos Knight began the quest for the
                  | Orb.
     0 | D:1      | Reached XP level 1. HP: 19/19 MP: 1/1
    40 | D:1      | XOM: divination: magic mapping
   363 | D:1      | Reached XP level 2. HP: 23/26 MP: 2/2
   438 | D:1      | XOM: divination: detect items
   495 | D:1      | XOM: divination: detect creatures
   579 | D:2      | Reached XP level 3. HP: 28/31 MP: 3/3
   682 | D:2      | XOM: silly message
   721 | D:2      | XOM: cloud trail
   737 | D:2      | XOM: harmless Erth miscast
   770 | D:2      | Reached skill level 4 in Maces & Flails
   924 | D:2      | XOM: cloud trail
   926 | D:2      | Reached XP level 4. HP: 40/40 MP: 4/4
  1439 | D:3      | XOM: harmless Erth miscast
  1722 | D:3      | XOM: mild Hex miscast
  1748 | D:3      | XOM: harmless Tloc miscast
  1971 | D:3      | XOM: mild Pois miscast
  1978 | D:3      | Reached XP level 5. HP: 15/46 MP: 5/5
  2471 | D:4      | Reached skill level 5 in Maces & Flails
  2474 | D:4      | Found a glowing golden altar of the Shining One.
  2474 | D:4      | Found a bloodstained altar of Trog.
  2546 | D:4      | XOM: confuse monster(s)
  2551 | D:4      | XOM: divination: detect creatures
  2554 | D:4      | Reached XP level 6. HP: 28/53 MP: 6/6
  2557 | D:4      | XOM: cast spell 'Olgreb's Toxic Radiance'
  2602 | D:4      | XOM: potion effect (might)
  2652 | D:4      | XOM: silly message
  2919 | D:4      | Reached skill level 5 in Fighting
  2919 | D:4      | Reached skill level 6 in Maces & Flails
  2947 | D:4      | Your scales start taking on a lurid green colour.
  2947 | D:4      | Reached XP level 7. HP: 61/61 MP: 7/7
  2947 | D:4      | Gained mutation: Your system is resistant to poisons.
                  | (rPois) [Green Draconian growth]
  2947 | D:4      | XOM: harmless Conj miscast
  3021 | D:4      | Noticed Blork the orc
  3043 | D:4      | Killed Blork the orc
  3156 | D:4      | Found a sparkling altar of Nemelex Xobeh.
  3288 | D:5      | Entered Level 5 of the Dungeon
  3307 | D:5      | XOM: destruction
  3388 | D:5      | Found a glowing drain.
  3404 | Sewer    | Entered a sewer
  3813 | Sewer    | Noticed a shapeshifter
  3813 | Sewer    | an adder changed into a shapeshifter
  3813 | Sewer    | XOM: polymorph adder -> shapeshifter
  3813 | Sewer    | Noticed a harpy
  3813 | Sewer    | a shapeshifter changed into a harpy
  3818 | Sewer    | Gained mutation: You are frail. (-10% HP) [potion of
                  | mutation]
  3818 | Sewer    | Gained mutation: Your muscles are strong. (Str +2) [potion
                  | of mutation]
  3823 | Sewer    | Killed a harpy
  3823 | Sewer    | Reached skill level 7 in Maces & Flails
  3823 | Sewer    | Reached skill level 5 in Dodging
  3823 | Sewer    | Reached XP level 8. HP: 29/63 MP: 8/8
  4094 | Sewer    | XOM: enchant monster (bad)
  4129 | Sewer    | XOM: noise
  4130 | Sewer    | Reached skill level 8 in Maces & Flails
  4184 | D:5      | Found a stormy altar of Qazlal.
  4186 | D:5      | Found a blossoming altar of Fedhas.
  4376 | D:5      | Found a sparkling altar of Nemelex Xobeh.
  4541 | D:5      | XOM: cleaving
  4553 | D:5      | XOM: scenery: 4 doors close
  5034 | D:6      | Found a staircase to the Ecumenical Temple.
  5085 | D:5      | Reached XP level 9. HP: 49/71 MP: 9/9
  5203 | D:6      | XOM: mild Summ miscast
  5221 | Temple   | Entered the Ecumenical Temple
  5321 | D:6      | Reached skill level 9 in Maces & Flails
  5329 | D:6      | Noticed emperorscorpion's ghost (novice DsBe)
  5335 | D:6      | Found a runed translucent gate.
  5335 | D:6      | Found a runed translucent gate.
  5335 | D:6      | Found a runed translucent gate.
  5375 | D:6      | HP: 3/71 [something (6)]
  5376 | D:6      | Killed from afar by an orc priest

Levels and vault maps discovered:
D:1:      sevenhm_arrival_forest_fort_large_2, layout_basic
D:2:      layout_loops_cross, bh_walls_and_bars
D:3:      minmay_chambers_of_twos, layout_basic, kennysheep_small_spiral
D:4:      layout_loops_ring, gammafunk_temple_overflow_wave,
          nemelex_dance_club_becter, uniq_blork_the_orc
D:5:      layout_loops_corners, grunt_temple_overflow_forces_of_nature,
          marbit_many_paths, first_ration, cheibrodos_sewer_entry_drain
D:6:      layout_loops_cross, lemuel_doored_altar, minmay_temple_entry_glass,
          gammafunk_ghost_icy, lemuel_statue_altar
Temple:   nicolae_temple_x_marks_the_god

Skill      XL: |  1  2  3  4  5  6  7  8  9 |
---------------+----------------------------+-----
Maces & Flails | 4 5 6 7 8 9 |  9.0
Fighting       | 4 5 6 7 |  7.2
Dodging        | 3 5 |  5.7

Action                   |  1- 3 |  4- 6 |  7- 9 || total
-------------------------+-------+-------+-------++-------
Melee: Mace              |    74 |   230 |   352 ||   656
       Tailslap          |     9 |    20 |    47 ||    76
 Abil: Breathe Noxious F |       |       |     5 ||     5
  Use: Scroll            |     5 |       |     5 ||    10
       Potion            |       |     4 |     7 ||    11
 Stab: Sleeping          |     5 |     3 |     4 ||    12
       Paralysed         |     2 |       |     3 ||     5
       Confused          |     1 |       |     3 ||     4
       Distracted        |       |       |     1 ||     1
  Eat: Chunk             |       |     7 |     7 ||    14
       Ration            |       |       |     1 ||     1
Armor: Skin              |    20 |    76 |   105 ||   201
Dodge: Dodged            |    53 |   175 |   254 ||   482

Table legend:
 A = Non-vault XP
 B = Vault XP
 C = Vault XP percentage of total XP
 D = Non-vault monster count
 E = Vault monster count
 F = Vault count percentage of total count
                 A         B        C        D         E       F
            +---------+---------+-------+---------+---------+-------
      Total |    1791 |    1116 |  38.4 |     122 |      73 |  37.4
            +---------+---------+-------+---------+---------+-------
        D:1 |      29 |       0 |   0.0 |      14 |       0 |   0.0
        D:2 |      91 |       0 |   0.0 |      21 |       0 |   0.0
        D:3 |      67 |      18 |  21.2 |      19 |       8 |  29.6
        D:4 |     582 |     106 |  15.4 |      36 |       3 |   7.7
        D:5 |     911 |       7 |   0.8 |      26 |       3 |  10.3
        D:6 |     111 |       0 |   0.0 |       6 |       0 |   0.0
      Sewer |       0 |     985 | 100.0 |       0 |      59 | 100.0
            +---------+---------+-------+---------+---------+-------
